 Dungeon Crawl Stone Soup version 0.29-a0-321-gf1c400731a (webtiles) character file.

Game seed: 14097792675432600392

76336 drugrobin the Severer (level 14, -7/127 HPs)
             Began as a Demigod Fighter on Apr 3, 2022.
             Mangled by an orc knight
             ... wielding a +0 great mace
              (38 damage)
             ... on level 2 of the Orcish Mines.
             The game lasted 01:18:25 (35061 turns).

drugrobin the Severer (Demigod Fighter)            Turns: 35061, Time: 01:18:25

Health: -7/127     AC: 23    Str: 29    XL:     14   Next: 70%
Magic:  0/17       EV: 10    Int: 14    God:
Gold:   1499       SH:  0    Dex: 13    Spells: 13/13 levels left

rFire   . . .      SeeInvis .   a - +4 executioner's axe (drain)
rCold   + + +      Faith    .   (shield currently unavailable)
rNeg    . . .      Spirit   +   H - +0 ice dragon scales
rPois   .          Reflect  .   m - +0 helmet
rElec   .          Harm     .   t - scarf {rC+ rF+}
rCorr   .          Rampage  .   h - +2 pair of gloves
Will    +....                   T - +0 pair of boots
Stlth   ..........              o - amulet of guardian spirit
HPRegen 0.31/turn               I - +4 ring of protection
MPRegen 0.15/turn               Y - +4 ring of slaying

@: mighty, about to teleport
A: high MP 1, forlorn, divine attributes
a: no special abilities


You were on level 2 of the Orcish Mines.
You visited 4 branches of the dungeon, and saw 21 of its levels.
You also visited: Volcano.

You collected 2091 gold pieces.
You spent 592 gold pieces at shops.

Inventory:

Hand Weapons
 a - a +4 executioner's axe of draining (weapon)
 b - a +1 spear of venom
 c - the +10 flail "Binyiw" {freeze, Fly rN++ rCorr Str-4}
   (You found it on level 6 of the Lair of Beasts)

   It freezes those it strikes, dealing additional cold damage.
   It can also slow down cold-blooded creatures.
   Str:       It affects your strength (-4).
   rN:        It greatly protects you from negative energy.
   Fly:       It grants you flight.
   rCorr:     It protects you from acid and corrosion.
Missiles
 e - 58 poisoned darts
 f - 12 boomerangs (quivered)
 R - 9 curare-tipped darts
Armour
 h - a +2 pair of gloves (worn)
 m - a +0 helmet (worn)
 t - a scarf of resistance (worn)
 u - a +2 scale mail of fire resistance
 H - +0 ice dragon scales (worn)
 T - a +0 pair of boots (worn)
Magical Staves
 s - a staff of air
Jewellery
 o - an amulet of guardian spirit (around neck)
 I - a +4 ring of protection (left hand)
 N - a ring of protection from fire
 Q - a ring of poison resistance
 Y - a +4 ring of slaying (right hand)
Wands
 D - a wand of digging (4)
 K - a wand of flame (26)
 M - a wand of acid (5)
 O - a wand of iceblast (12)
 V - a wand of mindburst (7)
Scrolls
 j - 8 scrolls of teleportation
 l - 5 scrolls of vulnerability
 n - 6 scrolls of fog
 v - 3 scrolls of magic mapping
 x - 2 scrolls of summoning
 C - 2 scrolls of silence
 E - 5 scrolls of fear
Potions
 i - 11 potions of curing
 k - 3 potions of resistance
 p - 2 potions of lignification {unknown}
 q - a potion of haste {unknown}
 w - a potion of magic {unknown}
 y - 2 potions of might
 z - 3 potions of ambrosia {unknown}
 A - 3 potions of cancellation {unknown}
 B - 3 potions of heal wounds
 L - 2 potions of invisibility {unknown}
 S - a potion of brilliance {unknown}


   Skills:
 + Level 12.8 Fighting
 * Level 17.5 Axes
 + Level 10.6 Armour
 - Level 2.6 Shields
 + Level 8.3 Evocations


You had 13 spell levels left.
You didn't know any spells.
Your spell library contained the following spells:

 Spells                   Type           Power      Damage    Failure   Level
 Foxfire                  Conj/Fire      0%         2x1d4     52%         1
 Freeze                   Ice            0%         1d3       52%         1
 Magic Dart               Conj           0%         1d3       52%         1
 Call Imp                 Summ           0%         N/A       65%         2
 Corpse Rot               Necr/Air       0%         N/A       65%         2
 Poisonous Vapours        Pois/Air       0%         N/A       65%         2
 Call Canine Familiar     Summ           0%         N/A       87%         3
 Conjure Flame            Conj/Fire      0%         6-21      87%         3
 Frozen Ramparts          Ice            0%         1d2       87%         3
 Ignite Poison            Fire/Tmut/Pois 0%         N/A       87%         3
 Inner Flame              Hex/Fire       0%         N/A       87%         3
 Mephitic Cloud           Conj/Pois/Air  0%         N/A       87%         3
 Ozocubu's Armour         Ice            0%         N/A       87%         3
 Portal Projectile        Hex/Tloc       0%         N/A       87%         3
 Flame Wave               Conj/Fire      0%         2d4       99%         4
 Hailstorm                Conj/Ice       0%         3d3       99%         4
 Leda's Liquefaction      Hex/Erth       0%         N/A       99%         4
 Alistair's Intoxication  Tmut/Pois      0%         N/A       100%        5
 Borgnjor's Vile Clutch   Necr/Erth      0%         N/A       100%        5
 Freezing Cloud           Conj/Ice/Air   0%         6-21      100%        5
 Metabolic Englaciation   Hex/Ice        0%         N/A       100%        5
 Eringya's Noxious Bog    Tmut/Pois      0%         N/A       100%        6
 Simulacrum               Ice/Necr       0%         N/A       100%        6


Dungeon Overview and Level Annotations

Branches:
Dungeon (12/15)            Temple (0/1) D:6            Lair (6/6) D:11
 Shoals (0/4) Lair:3        Snake (1/4) Lair:2        Slime (0/5) Lair:5
    Orc (2/2) D:11        Volcano (visited)
    Elf: Orc:2

Shops:
D:3 :   D:9 !   Orc:1 [   Snake:1 *

Annotations:
Snake:1 Jorgrun


Innate Abilities, Weirdness & Mutations

You have an increased reservoir of magic. (+10% MP)
You shall have no god before yourself.
Your divine heritage dramatically boosts your attributes as you level up.


Message History

You feel much better.
An orc warrior comes into view. It is wielding a +0 hand axe.
An orc warrior comes into view. It is wielding a +0 trident.
The orc mumbles, "Of all the rotten luck!"
The orc warrior gibbers meaninglessly.
The orc warlord roars a battlecry!
The orcs go into a battle-frenzy!
The orc high priest prays to Beogh.
An orc warrior comes into view. It is wielding a +0 short sword.
Unknown command.
Unknown command.
Unknown command.
Unknown command.
Unknown command.
Unknown command.
Unknown command.
As you read the scroll of teleportation, it crumbles to dust.
You feel strangely unstable.
The orc warrior shouts!
You hear a shout! x2
An orc comes into view. It is wielding a +0 trident.
An orc warrior comes into view. It is wielding a +0 battleaxe.
You hear some strange, mumbled words.
Something tries to affect you, but you resist.
An orc comes into view. It is wielding a +0 dagger.
The orc warlord roars a battlecry!
The orc warriors go into a battle-frenzy!
The orc knight roars a battlecry!
The orc knight goes into a battle-frenzy!
An orc knight comes into view. It is wielding a +0 battleaxe.
Unknown command.
Unknown command.
Unknown command.
Unknown command.
Unknown command.
Unknown command.
Unknown command.
Unknown command.
The orc knight attacks as you move away!
The orc knight hits you with a +0 great mace!!!
You die... ...oo.. ..o...o .o3..oo ..o.... ...ooo. # oo...oo

.# ...o.oo###..#
.....o)@).o.#
o...3.o).o..oo.#
o..............#
...o..o###..o..#
..{oo.. .o...#
o....o. ######


.o.ooo. o...... You could see an orc warlord (strong), 3 orc knights, 2 soul
eaters, 2 orc high priests, 3 orc sorcerers, 13 orc warriors, 2 orc priests, an
orc wizard (strong) and 14 orcs.

Vanquished Creatures
  An ettin (D:11)
  A fire dragon (Volcano)
  Josephine (Lair:6)
  A naga warrior (Snake:1)
  4 hydras
  An ice dragon (Lair:6)
  5 two-headed ogres
  A catoblepas (Lair:2)
  8 death yaks (Lair:6)
  3 anacondas (Snake:1)
  An orc high priest (Orc:2)
  6 naga sharpshooters
  Sonja (Lair:3)
  2 skeletal warriors (D:11)
  A naga ritualist (Snake:1)
  2 mana vipers (Snake:1)
  4 lindwurms
  5 oklob plants
  A manticore (D:10)
  A cyclops (D:11)
  A salamander (Snake:1)
  7 elephants
  15 black mambas
  3 smoke demons (Volcano)
  2 naga magi (Snake:1)
  7 torpor snails
  An unseen horror (D:10)
  15 cane toads
  7 rime drakes
  A gargoyle (D:10)
  3 kobold demonologists
  11 komodo dragons
  2 trolls
  A queen bee (D:10)
  2 polar bears
  3 tyrant leeches (Lair:6)
  5 hornets (Lair:6)
  6 dream sheep (Lair:2)
  5 slime creatures
  14 blink frogs
  A shadow (D:10)
  4 wyverns
  4 wraiths
  31 yaks
  5 basilisks
  7 steam dragons
  4 vampire mosquitoes (D:11)
  2 acid dragons
  5 nagas (Snake:1)
  4 hell hounds (Volcano)
  20 water moccasins
  2 black bears
  8 orc warriors
  45 wolves
  An ice beast (D:8)
  An ogre (Orc:1)
  7 centaurs
  9 bullfrogs
  6 kobold brigands
  2 necrophages
  3 scorpions
  2 gnoll sergeants (D:8)
  5 wights (D:8)
  A vampire bat (D:8)
  19 killer bees
  4 electric eels
  3 howler monkeys
  3 orc priests
  3 hounds
  3 jellies
  A gnoll shaman (D:10)
  14 orc wizards
  4 iguanas
  12 gnolls
  11 adders
  2 shadow imps
  A white imp (D:6)
  An ufetubus (D:4)
  2 dart slugs
  48 orcs
  9 endoplasms
  6 giant cockroaches
  7 goblins
  8 hobgoblins
  7 jackals
  21 kobolds
  4 quokkas
  10 ball pythons
  10 bats
  4 frilled lizards
  7 rats
564 creatures vanquished.

Vanquished Creatures (collateral kills)
  A cane toad (Lair:6)
  A hornet (Lair:6)
  A tyrant leech (Lair:6)
3 creatures vanquished.

Vanquished Creatures (others)
  A black mamba (Lair:6)
  79 fungi
  153 plants
233 creatures vanquished.

Grand Total: 800 creatures vanquished

Notes
Turn   | Place    | Note
-------+----------+-------------------------------------------
     0 | D:1      | drugrobin the Demigod Fighter began the quest for the Orb.
     0 | D:1      | Reached XP level 1. HP: 18/18 MP: 3/3
    47 | D:1      | Reached skill level 2 in Axes
   272 | D:1      | Reached XP level 2. HP: 23/25 MP: 4/4
  1064 | D:1      | Reached XP level 3. HP: 31/31 MP: 5/5
  1222 | D:2      | Reached skill level 3 in Axes
  2451 | D:3      | Reached XP level 4. HP: 35/38 MP: 4/6
  2757 | D:3      | Found Suiduf's Book Boutique.
  3085 | D:3      | Reached skill level 4 in Axes
  3085 | D:3      | Reached XP level 5. HP: 46/46 MP: 5/7
  3834 | D:4      | Reached skill level 5 in Axes
  3834 | D:4      | Reached XP level 6. HP: 46/52 MP: 8/8
  4411 | D:4      | Noticed a water moccasin
  4430 | D:4      | Killed a water moccasin
  4808 | D:5      | Entered Level 5 of the Dungeon
  4966 | D:5      | Reached skill level 6 in Axes
  4966 | D:5      | Reached XP level 7. HP: 49/60 MP: 6/9
  5257 | D:5      | Reached skill level 5 in Fighting
  5776 | D:6      | Found a staircase to the Ecumenical Temple.
  6081 | D:6      | Reached skill level 7 in Axes
  6659 | D:6      | Reached XP level 8. HP: 63/70 MP: 8/10
  7018 | D:6      | Reached skill level 8 in Axes
  7792 | D:7      | Reached skill level 9 in Axes
  8430 | D:8      | Reached XP level 9. HP: 73/79 MP: 11/11
  9551 | D:8      | Reached skill level 10 in Axes
  9915 | D:9      | Noticed a two-headed ogre
  9938 | D:9      | Killed a two-headed ogre
 10386 | D:9      | Reached skill level 11 in Axes
 10531 | D:9      | Found Leisoenym's Distillery.
 10536 | D:9      | Bought a potion of curing for 39 gold pieces
 10536 | D:9      | Bought a potion of degeneration for 13 gold pieces
 10536 | D:9      | Bought a potion of flight for 39 gold pieces
 10536 | D:9      | Bought a potion of resistance for 130 gold pieces
 10536 | D:9      | Bought 2 potions of attraction for 78 gold pieces
 10702 | D:9      | Noticed a two-headed ogre
 10721 | D:9      | Killed a two-headed ogre
 10722 | D:9      | Reached XP level 10. HP: 56/89 MP: 7/13
 11292 | D:10     | Entered Level 10 of the Dungeon
 11774 | D:10     | Noticed a two-headed ogre
 11809 | D:10     | Killed a two-headed ogre
 11810 | D:10     | Reached skill level 12 in Axes
 12650 | D:10     | Reached skill level 5 in Armour
 13185 | D:11     | Noticed a two-headed ogre
 13213 | D:11     | Killed a two-headed ogre
 13301 | D:11     | Noticed an oklob plant
 13304 | D:11     | Found a staircase to the Lair.
 13317 | D:11     | Noticed a two-headed ogre
 13358 | D:11     | Killed a two-headed ogre
 13465 | D:11     | Noticed a manticore
 13468 | D:11     | Noticed a cyclops
 13480 | D:10     | Killed a manticore
 13481 | D:10     | Reached XP level 11. HP: 44/97 MP: 7/14
 13708 | D:11     | Noticed a skeletal warrior
 13733 | D:11     | Killed a skeletal warrior
 13739 | D:11     | Noticed a skeletal warrior
 13760 | D:11     | Killed a skeletal warrior
 13761 | D:11     | Reached skill level 13 in Axes
 14601 | D:11     | Noticed a skeletal warrior
 15146 | D:11     | Reached skill level 10 in Fighting
 15259 | D:11     | Found a staircase to the Orcish Mines.
 15452 | Lair:1   | Entered Level 1 of the Lair of Beasts
 15573 | Lair:1   | Reached skill level 1 in Evocations
 17432 | Lair:2   | Reached skill level 14 in Axes
 17445 | Lair:2   | Found a staircase to the Snake Pit.
 17594 | Lair:2   | Reached XP level 12. HP: 70/107 MP: 12/15
 17894 | Lair:2   | Noticed a catoblepas
 17940 | Lair:2   | Killed a catoblepas
 19220 | Snake:1  | Entered Level 1 of the Snake Pit
 20136 | Lair:3   | Noticed Sonja
 20140 | Lair:3   | Killed Sonja
 20160 | Lair:3   | Reached skill level 15 in Axes
 20937 | Lair:3   | Found a staircase to the Shoals.
 20967 | Lair:3   | Noticed a four-headed hydra
 20989 | Lair:3   | Killed a four-headed hydra
 20990 | Lair:3   | Reached skill level 5 in Evocations
 21562 | Lair:4   | Reached XP level 13. HP: 94/116 MP: 13/16
 22676 | Lair:4   | Found a runed translucent door.
 22751 | Lair:5   | Found a staircase to the Slime Pits.
 23579 | Lair:5   | Reached skill level 16 in Axes
 24190 | Lair:6   | Entered Level 6 of the Lair of Beasts
 24198 | Lair:6   | Found a dark tunnel.
 24205 | Volcano  | Entered a volcano
 25992 | Lair:6   | Noticed Josephine
 26005 | Lair:6   | Killed Josephine
 26460 | Lair:6   | Identified the +10 flail "Binyiw" {freeze, Fly rN++ rCorr
                  | Str-4}
 26896 | Lair:6   | Reached XP level 14. HP: 126/126 MP: 17/17
 27732 | Lair:6   | Found a runed translucent door.
 27747 | Lair:6   | Identified the +1 flail "Bishrag" {drain, rPois Dex+6}
 28212 | Lair:6   | Reached skill level 10 in Armour
 29044 | Lair:6   | Reached skill level 17 in Axes
 31425 | Snake:1  | Found Nugeaqys's Assorted Antiques.
 31433 | Snake:1  | Bought a scroll of enchant armour for 157 gold pieces
 31433 | Snake:1  | Bought a potion of curing for 63 gold pieces
 32513 | Snake:1  | Bought a scroll of magic mapping for 73 gold pieces
 33451 | Snake:1  | Noticed Jorgrun
 34192 | Orc:1    | Entered Level 1 of the Orcish Mines
 34781 | Orc:1    | Found Xerot's Antique Armour Emporium.
 35049 | Orc:2    | Entered Level 2 of the Orcish Mines
 35049 | Orc:2    | Noticed an orc warlord
 35057 | Orc:2    | HP: 3/127 [orc warrior/+0 long sword (14)]
 35061 | Orc:2    | Mangled by an orc knight

Illustrated notes

Levels and vault maps discovered:
D:1:      shiori_shiawase, layout_loops_corners
D:2:      minmay_wonky_spiral, layout_basic, dreamdust_ecumenical_altar_grove,
          hangedman_abyss_or_decor_stabs, minmay_crystal_water,
          minmay_tetromino_s4
D:3:      layout_loops_ring, nemelex_diamond_rough_becter, serial_shops,
          nicolae_diamond_shop
D:4:      layout_loops_ring, chequers_arboretum
D:5:      layout_gridville
D:6:      layout_loops_cross, minmay_temple_entry_drinking_statues,
          minmay_misc_feat_pillars, hangedman_abyss_or_decor_jellyfish_corner
D:7:      layout_loops_ring, moated_statue
D:8:      layout_loops_cross, chequers_mini_garden, roderic_batcave
D:9:      layout_cave_pods, serial_shops, nicolae_shop_hallway_plus,
          nrook_mini_vaults
D:10:     layout_loops_ring, special_room [special_room_bee],
          hangedman_decor_opposing, item_on_display_a
D:11:     layout_loops_cross, dpeg_oklobed_lair, orc_0_dummy,
          nzn_wu_jian_contemplation
D:12:     layout_layer_cave, serial_shops, nicolae_shop_hallway_stairs
Lair:1:   layout_cave_pods
Lair:2:   layout_roguey, minmay_snake_entry_six_corridors,
          grunt_forest_large_clearings, infiniplex_staircase_pool
Lair:3:   layout_loops_ring, minmay_shoals_entry_centaurs, serial_bayou_lake_a,
          uniq_sonja
Lair:4:   layout_cave_pods, pf_torpor_hydra
Lair:5:   minmay_lair_oklob_chamber, layout_concentric_octagons, slime_altar_1
Lair:6:   wormcave, layout_loops_ring, basic_altar, enter_volcano_2,
          dpeg_stationary_puzzle, uniq_josephine
Snake:1:  layout_layer_cave, serial_shops, shop, abandoned_shop,
          serial_bayou_shore_a, uniq_jorgrun
Orc:1:    layout_caves, serial_shops, nicolae_shop_statue_plus,
          hangedman_feature_mirror
Orc:2:    st_orc_congregation, layout_caves, uniq_donald

Skill      XL: |  1  2  3  4  5  6  7  8  9 10 11 12 13 14 |
---------------+-------------------------------------------+-----
Axes           | 2 3 4 5 6 7 9 11 12 14 15 16 17 | 17.5
Fighting       | 3 4 5 7 8 9 10 11 12 | 12.8
Armour         | 3 5 7 8 9 10 | 10.6
Evocations     | 2 5 7 8 |  8.3
Shields        | |  2.6

Action                   |  1- 3 |  4- 6 |  7- 9 | 10-12 | 13-15 || total
-------------------------+-------+-------+-------+-------+-------++-------
Melee: War axe           |   158 |     7 |    13 |   293 |   574 ||  1045
       Hand axe          |       |   139 |   260 |   368 |       ||   767
       Whip              |       |    22 |    79 |       |       ||   101
       Spear             |       |       |   113 |   171 |    73 ||   357
       Executioner's axe |       |       |       |       |   142 ||   142
       Flail             |       |       |       |       |    27 ||    27
       Staff             |       |       |       |       |     1 ||     1
       Punch             |       |       |       |       |     1 ||     1
 Fire: Hunting sling     |     6 |     2 |       |     2 |       ||    10
Throw: Boomerang         |    10 |     6 |     8 |    16 |     5 ||    45
       Dart              |       |     5 |    14 |    22 |     1 ||    42
       Throwing net      |       |     3 |     2 |     1 |     1 ||     7
Evoke: Wand              |       |       |       |     7 |    15 ||    22
  Use: Scroll            |       |       |     9 |     6 |    11 ||    26
       Potion            |       |       |       |     2 |     6 ||     8
 Stab: Held in net/web   |       |       |     2 |       |     1 ||     3
Armor: Scale mail        |    82 |       |       |       |       ||    82
       Chain mail        |     6 |   121 |    96 |       |       ||   223
       Plate armour      |       |       |   164 |   513 |   366 ||  1043
       Acid dragon scale |       |       |       |    12 |       ||    12
       Ice dragon scales |       |       |       |       |   140 ||   140
       Ring mail         |       |       |       |       |    12 ||    12
Dodge: Dodged            |    82 |    51 |   138 |   225 |   260 ||   756
Block: Buckler           |    27 |    47 |    77 |   147 |    96 ||   394

Table legend: (Time is in decaauts)
 A = Elapsed time spent in this place.
 B = Non-inter-level travel time spent in this place.
 C = Inter-level travel time spent in this place.
 D = Time resting spent in this place.
 E = Time spent auto-exploring this place.
 F = Levels seen in this place.
 G = Mean time per level.
                   A        B        C        D        E       F      G
               +--------+--------+--------+--------+--------+-----+--------+
         Total |  34820 |  33052 |   1768 |  12096 |  13547 |  22 | 1582.7 |
       Dungeon |  16131 |  15632 |    499 |   4662 |   7391 |  12 | 1344.2 |
          Lair |  13705 |  12570 |   1135 |   5013 |   4892 |   6 | 2284.2 |
     Snake Pit |   3508 |   3384 |    124 |   1923 |    724 |   1 | 3508.0 |
  Orcish Mines |    307 |    298 |      9 |     11 |    200 |   2 |  153.5 |
       Volcano |   1167 |   1167 |      0 |    486 |    339 |   1 | 1167.0 |
               +--------+--------+--------+--------+--------+-----+--------+

Top non-repeatable levels by time:
 Snake:1: 3508 daAuts
  Lair:6: 3333 daAuts
  Lair:2: 2587 daAuts
  Lair:5: 2470 daAuts
  Lair:1: 2234 daAuts
    D:11: 2226 daAuts
    D:10: 2197 daAuts
     D:9: 1731 daAuts
  Lair:4: 1568 daAuts
  Lair:3: 1511 daAuts
     D:7: 1509 daAuts
     D:4: 1499 daAuts
     D:6: 1368 daAuts
     D:2: 1245 daAuts
     D:8: 1244 daAuts
